[Event "55th Rubinstein Memorial-A 2019"]
[Site "Polanica-Zdroj"]
[Date "2019.08.24"]
[Round "8.8"]
[White "Luba, Lukasz"]
[Black "Mikhaletz, Lubomir"]
[Result "1/2-1/2"]
[ECO "D02"]
[WhiteElo "2130"]
[BlackElo "2412"]
[Annotator "NA"]
[PlyCount "167"]
[EventDate "2019.08.17"]
[EventType "swiss"]
[EventCountry "POL"]
[SourceTitle "playchess.com"]
[Source "ChessBase"]
[SourceQuality "1"]
[TimeControl "40/5400+30:1800+30"]

1. d4 d5 2. Nf3 Bg4 3. Ne5 Bf5 4. c4 f6 5. Nf3 c6 6. Nc3 e6 7. Bf4 Qb6 8. Qb3 dxc4 9. Qxb6 axb6 10. e4 Bg6 11. Bxc4 b5 12. Bxe6 b4 13. Nb1 Bxe4 14. O-O Bd5 15. Bxd5 cxd5 16. Re1+ Kd7 17. Nbd2 Nc6 18. Nb3 g5 19. Be3 b6 20. h4 h6 21. g3 Bd6 22. Kg2 Nge7 23. hxg5 hxg5 24. Nh2 Nf5 25. Ng4 Be7 26. f3 Na5 27. Nxa5 Rxa5 28. b3 Rha8 29. Re2 Ra3 30. Rb2 Ke6 31. Bf2 Kf7 32. Ne3 Nxd4 33. Nxd5 Bc5 34. Nxb4 Nxb3 35. Rd1 Bxb4 36. axb3 Bc3 37. Rc2 Be5 38. Rd3 Ra2 39. Rdd2 R2a3 40. Bxb6 Rxb3 41. Bd4 g4 42. f4 Bxd4 43. Rxd4 Kg6 44. Kh2 Rh8+ 45. Kg2 Re8 46. f5+ Kh5 47. Rd7 Ree3 48. Rg7 Rxg3+ 49. Kh2 Rgc3 50. Re2 Rh3+ 51. Kg2 Kh4 52. Re4 Rhg3+ 53. Kh2 Rb2+ 54. Kh1 Rbg2 55. Re2 Rxe2 56. Rxg4+ Kh5 57. Rxg3 Rf2 58. Kg1 Rxf5 59. Ra3 Kg4 60. Kg2 Rf4 61. Rg3+ Kf5 62. Ra3 Rc4 63. Rf3+ Ke5 64. Re3+ Kf5 65. Kf3 Rf4+ 66. Kg3 Re4 67. Ra3 Kg5 68. Kf3 Re5 69. Rb3 Ra5 70. Rc3 f5 71. Rb3 Ra4 72. Kg3 Rg4+ 73. Kf3 Rh4 74. Kg3 f4+ 75. Kg2 Kg4 76. Rb8 f3+ 77. Kf2 Rh2+ 78. Kf1 Rh5 79. Kf2 Rh2+ 80. Kf1 Re2 81. Rg8+ Kf4 82. Rf8+ Ke3 83. Re8+ Kd2 84. Rd8+ 1/2-1/2

[Event "55th Rubinstein Memorial-A 2019"]
[Site "Polanica-Zdroj"]
[Date "2019.08.24"]
[Round "8.9"]
[White "Shishkin, Vadim"]
[Black "Jankowiak, Piotr"]
[Result "1-0"]
[ECO "D37"]
[WhiteElo "2445"]
[BlackElo "2033"]
[Annotator "NA"]
[PlyCount "59"]
[EventDate "2019.08.17"]
[EventType "swiss"]
[EventCountry "POL"]
[SourceTitle "playchess.com"]
[Source "ChessBase"]
[SourceQuality "1"]
[TimeControl "40/5400+30:1800+30"]

1. d4 d5 2. c4 e6 3. Nf3 Nf6 4. Nc3 Be7 5. Bf4 O-O 6. e3 b6 7. Qc2 c6 8. Rd1 Bb7 9. Bd3 Nbd7 10. O-O h6 11. h3 Rc8 12. e4 dxe4 13. Nxe4 Nxe4 14. Bxe4 Nf6 15. Ne5 Bd6 16. Bf3 Qe7 17. Rfe1 Rfd8 18. Bg3 Ba8 19. Bh4 g5 20. Bg3 Kg7 21. a3 a5 22. Qc3 Rh8 23. c5 bxc5 24. dxc5 Bc7 25. b4 axb4 26. axb4 Bb8 27. Nc4 Bxg3 28. fxg3 Bb7 29. Nd6 Ba6 30. Nf5+ 1-0

[Event "55th Rubinstein Memorial-A 2019"]
[Site "Polanica-Zdroj"]
[Date "2019.08.24"]
[Round "8.10"]
[White "Rosicki, Marcin"]
[Black "Jaroch, Karol"]
[Result "0-1"]
[ECO "C02"]
[WhiteElo "2042"]
[BlackElo "2231"]
[Annotator "NA"]
[PlyCount "58"]
[EventDate "2019.08.17"]
[EventType "swiss"]
[EventCountry "POL"]
[SourceTitle "playchess.com"]
[Source "ChessBase"]
[SourceQuality "1"]
[TimeControl "40/5400+30:1800+30"]

1. e4 e6 2. d4 d5 3. e5 c5 4. c3 Nc6 5. Nf3 Qb6 6. a3 c4 7. Nbd2 Na5 8. g3 Bd7 9. Bg2 Ne7 10. O-O Nc8 11. Ne1 Qc7 12. f4 Nb6 13. Ndf3 Be7 14. Qe2 O-O-O 15. Nc2 Nb3 16. Rb1 Nxc1 17. Rfxc1 h6 18. Ne3 Kb8 19. Rf1 Rde8 20. f5 h5 21. fxe6 Bxe6 22. Nd2 h4 23. g4 h3 24. Bh1 f6 25. Nf5 Bxf5 26. Rxf5 g6 27. Rf3 fxe5 28. Qf1 exd4 29. cxd4 Bg5 0-1

[Event "55th Rubinstein Memorial-A 2019"]
[Site "Polanica-Zdroj"]
[Date "2019.08.24"]
[Round "8.11"]
[White "Derylo, Kamil"]
[Black "Lukasiewicz, Krzysztof"]
[Result "1/2-1/2"]
[ECO "E04"]
[WhiteElo "2030"]
[BlackElo "2185"]
[Annotator "NA"]
[PlyCount "129"]
[EventDate "2019.08.17"]
[EventType "swiss"]
[EventCountry "POL"]
[SourceTitle "playchess.com"]
[Source "ChessBase"]
[SourceQuality "1"]
[TimeControl "40/5400+30:1800+30"]

1. d4 Nf6 2. c4 e6 3. g3 d5 4. Nf3 dxc4 5. Bg2 a6 6. O-O Nc6 7. e3 Bd7 8. Qe2 Rb8 9. Qxc4 Bd6 10. Nbd2 O-O 11. b3 e5 12. Bb2 Qe7 13. Rfd1 Rfd8 14. dxe5 Nxe5 15. Nxe5 Bxe5 16. Bxe5 Qxe5 17. Nf3 Qa5 18. b4 Qb6 19. Ng5 Be8 20. Rac1 c6 21. a4 h6 22. a5 Qc7 23. Ne4 Nxe4 24. Bxe4 Bd7 25. Bf3 Be6 26. Qc3 Qe7 27. Kg2 Qg5 28. e4 Rbc8 29. h4 Qe7 30. Rxd8+ Rxd8 31. Rd1 Rxd1 32. Bxd1 Qd7 33. Be2 Qd6 34. Bf3 Kh7 35. e5 Qd7 36. Be4+ Bf5 37. Bxf5+ Qxf5 38. Qd4 Qe6 39. Qd3+ g6 40. Qd4 Qf5 41. g4 Qe6 42. Kg3 Qb3+ 43. Kg2 Qb1 44. e6 fxe6 45. Qd7+ Kh8 46. Qe8+ Kg7 47. Qe7+ Kh8 48. Qf8+ Kh7 49. Qf7+ Kh8 50. Qxe6 Qxb4 51. Qxg6 Qf4 52. Qe8+ Kg7 53. Qd7+ Kf6 54. f3 Qe5 55. Qd8+ Kg7 56. Qd7+ Kf6 57. Qd2 Kg6 58. f4 Qe4+ 59. Kg3 Qe7 60. f5+ Kf7 61. Qa2+ Kf8 62. Qd2 Kf7 63. Kh3 Qa3+ 64. Kg2 Qe7 65. Qf2 1/2-1/2

[Event "55th Rubinstein Memorial-A 2019"]
[Site "Polanica-Zdroj"]
[Date "2019.08.24"]
[Round "8.12"]
[White "Goslawski, Michal"]
[Black "Mazalon, Mariusz"]
[Result "1-0"]
[ECO "A05"]
[WhiteElo "2160"]
[BlackElo "2012"]
[Annotator "NA"]
[PlyCount "103"]
[EventDate "2019.08.17"]
[EventType "swiss"]
[EventCountry "POL"]
[SourceTitle "playchess.com"]
[Source "ChessBase"]
[SourceQuality "1"]
[TimeControl "40/5400+30:1800+30"]

1. Nf3 Nf6 2. c4 g6 3. g3 Bg7 4. Bg2 O-O 5. O-O d6 6. d4 c6 7. Nc3 a6 8. e4 Bg4 9. h3 Bxf3 10. Bxf3 Nbd7 11. Kg2 b5 12. Qe2 e5 13. d5 cxd5 14. cxd5 b4 15. Na4 Qa5 16. b3 Nxd5 17. Rd1 Nc3 18. Nxc3 bxc3 19. Rxd6 Nc5 20. Qc4 Nb7 21. Rc6 Rfd8 22. Qxc3 Qxc3 23. Rxc3 Nd6 24. Bg5 f6 25. Be3 f5 26. Rac1 fxe4 27. Be2 Nf5 28. Bg5 Re8 29. Bc4+ Kh8 30. Bd5 Rab8 31. Bxe4 Nd4 32. Rc4 h6 33. Be3 g5 34. Bxd4 exd4 35. Bd3 a5 36. R1c2 Bf6 37. Rc6 Kg7 38. Ra6 Rbc8 39. Ra7+ Kf8 40. Rxc8 Rxc8 41. Bc4 Rc6 42. Rxa5 Ke7 43. Kf3 h5 44. Ke4 h4 45. gxh4 gxh4 46. Ra7+ Kd6 47. f4 Kc5 48. a3 Bd8 49. Rd7 Bc7 50. Rd5+ Kb6 51. Rxd4 Rf6 52. f5 1-0

[Event "55th Rubinstein Memorial-A 2019"]
[Site "Polanica-Zdroj"]
[Date "2019.08.24"]
[Round "8.13"]
[White "Skurniak, Szymon"]
[Black "Wisniewski, Michal"]
[Result "1/2-1/2"]
[ECO "B01"]
[WhiteElo "1962"]
[BlackElo "2130"]
[Annotator "NA"]
[PlyCount "148"]
[EventDate "2019.08.17"]
[EventType "swiss"]
[EventCountry "POL"]
[SourceTitle "playchess.com"]
[Source "ChessBase"]
[SourceQuality "1"]
[TimeControl "40/5400+30:1800+30"]

1. e4 d5 2. exd5 Qxd5 3. Nc3 Qa5 4. d4 Nf6 5. Bc4 c6 6. Nf3 Bf5 7. Bd2 Qc7 8. Ne5 e6 9. g4 Be4 10. Nxe4 Nxe4 11. Bf4 Nd7 12. Qe2 Nxe5 13. Bxe5 Qa5+ 14. Kf1 Nd2+ 15. Kg2 Nxc4 16. Qxc4 Qd5+ 17. Qxd5 cxd5 18. Rhe1 Rc8 19. h3 Kd7 20. c3 Rg8 21. a4 Bd6 22. f4 g6 23. Bxd6 Kxd6 24. Kf3 Rc6 25. Ke3 Rb6 26. b4 Rc6 27. Kd3 Rgc8 28. Ra3 Ke7 29. g5 h6 30. h4 Rh8 31. Re3 hxg5 32. hxg5 Rh1 33. Rf3 Rc8 34. Ra2 Rch8 35. Re2 Kd6 36. Rff2 Ra1 37. Rh2 Rh1 38. Rxh8 Rxh8 39. Re3 Rh2 40. Re2 Rh3+ 41. Re3 Rh4 42. Rf3 Rh2 43. Rf1 b6 44. a5 bxa5 45. Ra1 Rh3+ 46. Kd2 Kc6 47. bxa5 Rf3 48. Rb1 Rxf4 49. a6 Rf2+ 50. Kd3 Ra2 51. Rb7 Rxa6 52. Rxf7 Ra2 53. Rf6 Kd6 54. Rxg6 a5 55. Rg8 a4 56. g6 Ke7 57. g7 Kf7 58. Re8 Rg2 59. Ra8 Kxg7 60. Rxa4 Kf6 61. Ra1 Rg3+ 62. Kd2 e5 63. Rf1+ Ke6 64. dxe5 Kxe5 65. Re1+ Kd6 66. Re3 Rg2+ 67. Re2 Rg8 68. Kd3 Kc5 69. Re3 Rg1 70. Re2 Rg3+ 71. Re3 Rxe3+ 72. Kxe3 Kc4 73. Kd2 d4 74. cxd4 Kxd4 1/2-1/2

[Event "55th Rubinstein Memorial-A 2019"]
[Site "Polanica-Zdroj"]
[Date "2019.08.24"]
[Round "8.14"]
[White "Oleksy, Krzysztof"]
[Black "Domanski, Lukasz"]
[Result "1-0"]
[ECO "D21"]
[WhiteElo "1840"]
[BlackElo "2058"]
[Annotator "NA"]
[PlyCount "60"]
[EventDate "2019.08.17"]
[EventType "swiss"]
[EventCountry "POL"]
[SourceTitle "playchess.com"]
[Source "ChessBase"]
[SourceQuality "1"]
[TimeControl "40/5400+30:1800+30"]

1. d4 d5 2. c4 dxc4 3. Nf3 a6 4. e3 Bg4 5. Bxc4 e6 6. O-O Nf6 7. Nc3 Nc6 8. a3 Bd6 9. b4 O-O 10. Bb2 e5 11. dxe5 Bxf3 12. Qxf3 Nxe5 13. Qe2 Nfg4 14. h3 Qh4 15. Bb3 Rae8 16. Ne4 Nf3+ 17. Qxf3 Nh2 18. Qf5 Rxe4 19. Rfd1 Re7 20. Rxd6 cxd6 21. Kxh2 Rc7 22. Rd1 Qe7 23. Bc2 g6 24. Qe4 Qxe4 25. Bxe4 Rd7 26. Bd5 Rc8 27. Rc1 Re8 28. Kg3 Kf8 29. Bf6 Rb8 30. Kf3 Re8 {[%emt 0:00:49] Ke4} 1-0

[Event "55th Rubinstein Memorial-A 2019"]
[Site "Polanica-Zdroj"]
[Date "2019.08.24"]
[Round "8.15"]
[White "Stachecki, Mikolaj"]
[Black "Siekanski, Janusz"]
[Result "1-0"]
[ECO "B83"]
[WhiteElo "1765"]
[BlackElo "2263"]
[Annotator "NA"]
[PlyCount "71"]
[EventDate "2019.08.17"]
[EventType "swiss"]
[EventCountry "POL"]
[SourceTitle "playchess.com"]
[Source "ChessBase"]
[SourceQuality "1"]
[TimeControl "40/5400+30:1800+30"]

1. e4 c5 2. Nf3 e6 3. d4 cxd4 4. Nxd4 Nf6 5. Nc3 d6 6. Be2 Be7 7. O-O O-O 8. f4 Nc6 9. Kh1 a6 10. a4 Qc7 11. Be3 Re8 12. Bd3 Nxd4 13. Bxd4 e5 14. Be3 exf4 15. Rxf4 Be6 16. Nd5 Bxd5 17. exd5 Rf8 18. Bd4 Ne8 19. Qh5 g6 20. Rf3 Bf6 21. Bxf6 Nxf6 22. Qh4 Nxd5 23. Rh3 h5 24. Qg5 Ne7 25. Rxh5 f5 26. Rh3 Rae8 27. Re1 Rf7 28. Qh6 Rg7 29. Bxf5 Nxf5 30. Qh8+ Kf7 31. Qxe8+ Kf6 32. Rf3 Kg5 33. Qe4 d5 34. Qxd5 Rh7 35. Qe5 Qxc2 36. Rg3+ 1-0

[Event "55th Rubinstein Memorial-A 2019"]
[Site "Polanica-Zdroj"]
[Date "2019.08.24"]
[Round "8.16"]
[White "Niedbala, Bartlomiej"]
[Black "Kaczmarek, Arkadiusz"]
[Result "1-0"]
[ECO "A08"]
[WhiteElo "2169"]
[BlackElo "1986"]
[Annotator "NA"]
[PlyCount "109"]
[EventDate "2019.08.17"]
[EventType "swiss"]
[EventCountry "POL"]
[SourceTitle "playchess.com"]
[Source "ChessBase"]
[SourceQuality "1"]
[TimeControl "40/5400+30:1800+30"]

1. e4 e6 2. d3 d5 3. Nd2 Nf6 4. Ngf3 c5 5. g3 Nc6 6. Bg2 Be7 7. O-O O-O 8. Re1 b5 9. e5 Nd7 10. Nf1 a5 11. h4 b4 12. Bf4 a4 13. a3 bxa3 14. bxa3 Ba6 15. N1h2 c4 16. d4 c3 17. Bh3 Kh8 18. Re3 Na5 19. Ng5 Qe8 20. Rxc3 Nc4 21. Ng4 Rb8 22. Qf3 Rb2 23. Bf1 Bd8 24. Qd3 g6 25. Qf3 h5 26. Nh2 Ba5 27. Bxc4 Bxc4 28. g4 hxg4 29. Nxg4 Bxc3 30. Qxc3 Qb8 31. Kh2 Rb1 32. Rxb1 Qxb1 33. Nf6 Nxf6 34. exf6 Qf1 35. Qg3 Kg8 36. Nh3 Qe2 37. Be3 Qh5 38. Ng5 Be2 39. f3 Rc8 40. c3 Bd1 41. Kh3 Bc2 42. Qe5 Bd3 43. Bf4 Bf5+ 44. Kg3 Qh8 45. Be3 Qh5 46. Bf4 Qh8 47. c4 dxc4 48. d5 exd5 49. Qe7 Rf8 50. Bd6 Qh6 51. Nxf7 Rxf7 52. Qe8+ Rf8 53. f7+ Kh7 54. Bxf8 Qc1 55. Bc5 1-0

[Event "55th Rubinstein Memorial-A 2019"]
[Site "Polanica-Zdroj"]
[Date "2019.08.24"]
[Round "8.17"]
[White "Praczukowski, Stanislaw"]
[Black "Luberanski, Jakub"]
[Result "1/2-1/2"]
[ECO "A40"]
[WhiteElo "2126"]
[BlackElo "1996"]
[Annotator "NA"]
[PlyCount "62"]
[EventDate "2019.08.17"]
[EventType "swiss"]
[EventCountry "POL"]
[SourceTitle "playchess.com"]
[Source "ChessBase"]
[SourceQuality "1"]
[TimeControl "40/5400+30:1800+30"]

1. d4 Nf6 2. c4 e6 3. g3 Bb4+ 4. Nd2 c5 5. Ngf3 cxd4 6. Nxd4 Qb6 7. N4f3 Ne4 8. e3 O-O 9. Bg2 d5 10. O-O Bxd2 11. Nxd2 Nxd2 12. Qxd2 dxc4 13. Qc3 Nc6 14. Qxc4 e5 15. b3 Be6 16. Qh4 Rfd8 17. Bb2 Bd5 18. Be4 Bxe4 19. Qxe4 f6 20. Qc4+ Kh8 21. Rfd1 Rxd1+ 22. Rxd1 Rd8 23. Rd5 Rxd5 24. Qxd5 h6 25. Ba3 Qa6 26. Bf8 Qxa2 27. Qd7 Qb1+ 28. Kg2 Qe4+ 29. Kg1 Qb1+ 30. Kg2 Qe4+ 31. Kg1 Qb1+ 1/2-1/2

[Event "55th Rubinstein Memorial-A 2019"]
[Site "Polanica-Zdroj"]
[Date "2019.08.24"]
[Round "8.18"]
[White "Kulesza, Andrzej"]
[Black "Slomczewski, Michal"]
[Result "1/2-1/2"]
[ECO "B47"]
[WhiteElo "1940"]
[BlackElo "2115"]
[Annotator "NA"]
[PlyCount "80"]
[EventDate "2019.08.17"]
[EventType "swiss"]
[EventCountry "POL"]
[SourceTitle "playchess.com"]
[Source "ChessBase"]
[SourceQuality "1"]
[TimeControl "40/5400+30:1800+30"]

1. e4 c5 2. Nf3 e6 3. d4 cxd4 4. Nxd4 Nc6 5. Nc3 Qc7 6. g3 a6 7. Bg2 Nf6 8. O-O Nxd4 9. Qxd4 Bc5 10. Qd1 O-O 11. Bf4 d6 12. Na4 e5 13. Nxc5 dxc5 14. Bg5 Rd8 15. Qe2 Qb6 16. c3 h6 17. Be3 Be6 18. f3 Qc7 19. Qf2 b6 20. Rfc1 Rd6 21. Bf1 Rc6 22. c4 Ne8 23. b3 a5 24. a4 Rd8 25. Rd1 Rxd1 26. Rxd1 Rd6 27. Rxd6 Qxd6 28. Qd2 Qxd2 29. Bxd2 f6 30. Kg2 Nd6 31. Bd3 Kf7 32. h3 Ke7 33. g4 Nf7 34. h4 Nd8 35. h5 Nc6 36. Bc2 Nd4 37. Bd1 Kf7 38. Kg3 Ke7 39. Kf2 Kd6 40. Ke3 Bd7 {[%emt 0:00:00] Kxd4} 1/2-1/2

[Event "55th Rubinstein Memorial-A 2019"]
[Site "Polanica-Zdroj"]
[Date "2019.08.24"]
[Round "8.19"]
[White "Szczurek, Krzysztof"]
[Black "Kacprzak, Kacper"]
[Result "1-0"]
[ECO "A05"]
[WhiteElo "2112"]
[BlackElo "1856"]
[Annotator "NA"]
[PlyCount "67"]
[EventDate "2019.08.17"]
[EventType "swiss"]
[EventCountry "POL"]
[SourceTitle "playchess.com"]
[Source "ChessBase"]
[SourceQuality "1"]
[TimeControl "40/5400+30:1800+30"]

1. Nf3 Nf6 2. g3 d5 3. Bg2 c5 4. O-O Nc6 5. d3 e5 6. Nbd2 Be7 7. e4 O-O 8. c3 Re8 9. Qe2 Qc7 10. Ne1 dxe4 11. dxe4 Bf8 12. Nc2 g6 13. Ne3 Bg7 14. Nb3 Na5 15. Nxa5 Qxa5 16. Nc4 Qa6 17. Re1 b5 18. Na3 c4 19. Nc2 Bb7 20. a4 bxa4 21. f3 Nd7 22. Be3 Bf8 23. Bf1 Rac8 24. b3 Nb6 25. Qf2 Qb5 26. bxa4 Qa5 27. Reb1 Bc6 28. Nb4 Bxa4 29. Bh3 Rc5 30. Kh1 Rb5 31. Bxb6 axb6 32. Bd7 Ra8 33. Bxb5 Qxb5 34. Nd5 1-0

[Event "55th Rubinstein Memorial-A 2019"]
[Site "Polanica-Zdroj"]
[Date "2019.08.24"]
[Round "8.20"]
[White "Malicka, Maria"]
[Black "Hasterok, Mateusz"]
[Result "1-0"]
[ECO "B19"]
[WhiteElo "2062"]
[BlackElo "1911"]
[Annotator "NA"]
[PlyCount "119"]
[EventDate "2019.08.17"]
[EventType "swiss"]
[EventCountry "POL"]
[SourceTitle "playchess.com"]
[Source "ChessBase"]
[SourceQuality "1"]
[TimeControl "40/5400+30:1800+30"]

1. e4 c6 2. d4 d5 3. Nc3 dxe4 4. Nxe4 Bf5 5. Ng3 Bg6 6. h4 h6 7. Nf3 Nd7 8. h5 Bh7 9. Bd3 Bxd3 10. Qxd3 e6 11. Bd2 Ngf6 12. O-O-O Be7 13. Ne4 Nxe4 14. Qxe4 Nf6 15. Qd3 Qd5 16. c4 Qe4 17. Qb3 O-O-O 18. Rhe1 Qf5 19. Re5 Qg4 20. Ra5 a6 21. Ne5 Qxd4 22. Nxf7 Ne4 23. Nxd8 Qxd8 24. Be1 Qc7 25. Qf3 Nc5 26. Kb1 Rf8 27. Qe3 Qb6 28. Ra3 Bg5 29. Qe2 Rd8 30. Ba5 Rxd1+ 31. Qxd1 Qa7 32. Qd6 b6 33. Qxc6+ Qc7 34. Qxb6 Qe5 35. Qc6+ Kb8 36. Rf3 Bf6 37. Bc3 Qe2 38. Qd6+ Kb7 39. Bxf6 gxf6 40. Qd4 Qe1+ 41. Kc2 Qe2+ 42. Qd2 Qe4+ 43. Kd1 Qb1+ 44. Qc1 Qe4 45. Qxh6 Qxc4 46. Qd2 Qf1+ 47. Kc2 Qxg2 48. Qe3 Qg4 49. Rf4 Qxh5 50. Qf3+ Qxf3 51. Rxf3 f5 52. Kc3 Kc6 53. Kd4 Kd6 54. Ra3 e5+ 55. Ke3 f4+ 56. Ke2 e4 57. b4 Nd7 58. Rxa6+ Kd5 59. a4 Ne5 60. Ra5+ 1-0

[Event "55th Rubinstein Memorial-A 2019"]
[Site "Polanica-Zdroj"]
[Date "2019.08.24"]
[Round "8.21"]
[White "Zych, Marek"]
[Black "Jeda, Maciej"]
[Result "1-0"]
[ECO "E98"]
[WhiteElo "2061"]
[BlackElo "1815"]
[Annotator "NA"]
[PlyCount "91"]
[EventDate "2019.08.17"]
[EventType "swiss"]
[EventCountry "POL"]
[SourceTitle "playchess.com"]
[Source "ChessBase"]
[SourceQuality "1"]
[TimeControl "40/5400+30:1800+30"]

1. Nf3 d6 2. d4 Nf6 3. c4 g6 4. Nc3 Bg7 5. e4 O-O 6. Be2 e5 7. O-O Nc6 8. d5 Ne7 9. Ne1 Ne8 10. f3 f5 11. g4 Nf6 12. Nd3 Qd7 13. Nf2 h6 14. h4 a6 15. Bd2 Rb8 16. b4 c6 17. a4 Qc7 18. a5 Bd7 19. Kg2 b6 20. axb6 Qxb6 21. Nd3 Qd4 22. Nf2 cxd5 23. cxd5 Rxb4 24. Rxa6 Rc8 25. Qc2 fxg4 26. fxg4 h5 27. g5 Nfxd5 28. exd5 Nf5 29. Rh1 Nxh4+ 30. Rxh4 Qxh4 31. Qxg6 Rf8 32. Ncd1 Bf5 33. Qxh5 Be4+ 34. Nxe4 Qxe4+ 35. Bf3 Qd3 36. Bxb4 Qxa6 37. Nf2 e4 38. Nxe4 Qa2+ 39. Nf2 Bd4 40. Be1 Qa1 41. Qg6+ Bg7 42. Bg4 Rf4 43. Be6+ Kf8 44. Bd2 Rxf2+ 45. Kxf2 Qd4+ 46. Kf3 1-0

[Event "55th Rubinstein Memorial-A 2019"]
[Site "Polanica-Zdroj"]
[Date "2019.08.24"]
[Round "8.22"]
[White "Vanduyfhuys, Daria"]
[Black "Grochol, Kamil"]
[Result "0-1"]
[ECO "D31"]
[WhiteElo "2160"]
[BlackElo "1837"]
[Annotator "NA"]
[PlyCount "68"]
[EventDate "2019.08.17"]
[EventType "swiss"]
[EventCountry "POL"]
[SourceTitle "playchess.com"]
[Source "ChessBase"]
[SourceQuality "1"]
[TimeControl "40/5400+30:1800+30"]

1. d4 d5 2. c4 e6 3. Nc3 a6 4. cxd5 exd5 5. Bf4 Nf6 6. e3 Bd6 7. Bxd6 Qxd6 8. Bd3 O-O 9. h3 b6 10. Nf3 Nbd7 11. O-O Bb7 12. Re1 Ne4 13. Rc1 Rfe8 14. a3 Nxc3 15. Rxc3 c5 16. dxc5 bxc5 17. b4 cxb4 18. axb4 Ne5 19. Be2 Qxb4 20. Rb3 Nxf3+ 21. Bxf3 Qe7 22. Qb1 Bc6 23. Rc1 Rac8 24. Bg4 Rc7 25. Rbc3 Rb7 26. Qa2 Bb5 27. Qxd5 Rd8 28. Qf3 g6 29. Rc8 Rxc8 30. Rxc8+ Kg7 31. Qd5 Rc7 32. Rb8 Rc1+ 33. Bd1 Qd7 34. Rxb5 Rxd1+ 0-1

[Event "55th Rubinstein Memorial-A 2019"]
[Site "Polanica-Zdroj"]
[Date "2019.08.24"]
[Round "8.23"]
[White "Galuszka, Kamil"]
[Black "Michalska, Aleksandra"]
[Result "1/2-1/2"]
[ECO "C44"]
[WhiteElo "2058"]
[BlackElo "1792"]
[Annotator "NA"]
[PlyCount "93"]
[EventDate "2019.08.17"]
[EventType "swiss"]
[EventCountry "POL"]
[SourceTitle "playchess.com"]
[Source "ChessBase"]
[SourceQuality "1"]
[TimeControl "40/5400+30:1800+30"]

1. e4 e5 2. Nf3 Nc6 3. d4 exd4 4. Nxd4 Qh4 5. Nc3 Bb4 6. Be2 Qxe4 7. Ndb5 Bxc3+ 8. bxc3 Kd8 9. O-O a6 10. Nd4 Nxd4 11. cxd4 Nf6 12. Bf3 Qf5 13. Be3 d5 14. c4 Be6 15. Rb1 Rb8 16. c5 Bd7 17. Be2 Ke7 18. Bd3 Qh5 19. Qe1 Rhc8 20. Bf4+ Kf8 21. Qa5 Ne8 22. Rfe1 f6 23. c6 Bxc6 24. Qc5+ Kg8 25. Qe7 Qg4 26. Re3 Qd7 27. Qb4 Nd6 28. Rbe1 Re8 29. Qb1 g5 30. Bxd6 cxd6 31. Rxe8+ Rxe8 32. Rxe8+ Qxe8 33. Bxh7+ Kg7 34. h3 b5 35. Bf5 Bd7 36. Qc2 Bxf5 37. Qxf5 Qc6 38. g4 a5 39. Kg2 b4 40. h4 gxh4 41. Kh3 Qc3+ 42. Kxh4 Qxd4 43. f4 Qf2+ 44. Kh3 Qf3+ 45. Kh4 Qf2+ 46. Kh5 Qa7 47. Kh4 1/2-1/2

[Event "55th Rubinstein Memorial-A 2019"]
[Site "Polanica-Zdroj"]
[Date "2019.08.24"]
[Round "8.24"]
[White "Czarniecka, Aleksandra"]
[Black "Bojczewski, Mateusz"]
[Result "1/2-1/2"]
[ECO "B17"]
[WhiteElo "2042"]
[BlackElo "1836"]
[Annotator "NA"]
[PlyCount "84"]
[EventDate "2019.08.17"]
[EventType "swiss"]
[EventCountry "POL"]
[SourceTitle "playchess.com"]
[Source "ChessBase"]
[SourceQuality "1"]
[TimeControl "40/5400+30:1800+30"]

1. e4 c6 2. d4 d5 3. Nc3 dxe4 4. Nxe4 Nd7 5. Nf3 Ngf6 6. Ng3 e6 7. Bd3 c5 8. O-O Be7 9. Qe2 O-O 10. Rd1 cxd4 11. Nxd4 Nc5 12. Bc4 Qb6 13. c3 a5 14. Bf4 Bd7 15. Bb5 Nd5 16. Bd2 Bf6 17. Bxd7 Bxd4 18. Bb5 Bf6 19. Nh5 Be7 20. c4 Nf6 21. Ng3 Rfd8 22. Bc3 Qc7 23. Be5 Qb6 24. b3 Rxd1+ 25. Rxd1 Rd8 26. h3 h6 27. Kh2 Rxd1 28. Qxd1 Nce4 29. Nxe4 Nxe4 30. Qg4 Nf6 31. Qf4 Qc5 32. Qd4 b6 33. Qxc5 Bxc5 34. f3 Kf8 35. g3 Ke7 36. Kg2 g6 37. Kf1 Ne8 38. Ke2 Nd6 39. Bc6 f6 40. Bc3 Nf5 41. g4 Nd4+ 42. Bxd4 Bxd4 1/2-1/2

[Event "55th Rubinstein Memorial-A 2019"]
[Site "Polanica-Zdroj"]
[Date "2019.08.24"]
[Round "8.25"]
[White "Jedynak, January"]
[Black "Betkowski, Andrzej"]
[Result "0-1"]
[ECO "C18"]
[WhiteElo "1822"]
[BlackElo "2023"]
[Annotator "NA"]
[PlyCount "76"]
[EventDate "2019.08.17"]
[EventType "swiss"]
[EventCountry "POL"]
[SourceTitle "playchess.com"]
[Source "ChessBase"]
[SourceQuality "1"]
[TimeControl "40/5400+30:1800+30"]

1. e4 e6 2. d4 d5 3. Nc3 Bb4 4. e5 c5 5. a3 Bxc3+ 6. bxc3 Ne7 7. Qg4 Kf8 8. Qd1 b6 9. a4 Qc7 10. Ne2 Ba6 11. Ba3 Nd7 12. Nf4 Bxf1 13. Kxf1 Ng6 14. Nd3 Kg8 15. h4 h5 16. Rh3 Rc8 17. Ne1 Qd8 18. Nf3 Ne7 19. Bc1 Nf5 20. Bg5 Qc7 21. Ne1 cxd4 22. cxd4 Qc4+ 23. Rd3 Nxd4 24. Raa3 Nc5 25. Rac3 Qa6 26. Kg1 Nxd3 27. Qxd3 Rc4 28. Rxc4 Qxc4 29. Qa3 Qe2 30. Nd3 Qd1+ 31. Kh2 Ne2 32. Bf4 Rh6 33. Qe7 Qg1+ 34. Kh3 Qh1+ 35. Bh2 Rg6 36. Qe8+ Kh7 37. g4 Ng1+ 38. Kg3 Qf3# 0-1

[Event "55th Rubinstein Memorial-A 2019"]
[Site "Polanica-Zdroj"]
[Date "2019.08.24"]
[Round "8.26"]
[White "Majek, Kacper"]
[Black "Rak, Maciej"]
[Result "1-0"]
[ECO "E04"]
[WhiteElo "1984"]
[BlackElo "1779"]
[Annotator "NA"]
[PlyCount "109"]
[EventDate "2019.08.17"]
[EventType "swiss"]
[EventCountry "POL"]
[SourceTitle "playchess.com"]
[Source "ChessBase"]
[SourceQuality "1"]
[TimeControl "40/5400+30:1800+30"]

1. d4 Nf6 2. c4 e6 3. Nf3 d5 4. g3 dxc4 5. Bg2 a6 6. a4 c5 7. O-O Nc6 8. dxc5 Qxd1 9. Rxd1 Bxc5 10. Nbd2 Ke7 11. Nxc4 Rd8 12. Rxd8 Kxd8 13. Nfe5 Nxe5 14. Nxe5 Ke7 15. Bf4 Nd5 16. Bd2 f6 17. Nd3 Bd6 18. e4 Nb6 19. Bc3 Rb8 20. f4 Kf7 21. a5 Nd7 22. e5 Be7 23. Bd4 b6 24. Rc1 Bb7 25. Rc7 Bxg2 26. Kxg2 Ke8 27. f5 exf5 28. e6 Nf8 29. Bxb6 Nxe6 30. Ra7 Bd8 31. Bxd8 Nxd8 32. b4 Nc6 33. Rxg7 Kf8 34. Rxh7 Kg8 35. Rh4 Kf7 36. Kf2 Ne5 37. Ke2 Kg6 38. Nc5 Ra8 39. Rf4 Kg5 40. Kd2 Rd8+ 41. Kc3 Rd6 42. h3 Nc6 43. Rh4 Na7 44. Rh8 Nb5+ 45. Kc4 Na3+ 46. Kb3 Nb1 47. b5 axb5 48. a6 Nd2+ 49. Kb4 Ne4 50. a7 Rd4+ 51. Kxb5 Nc3+ 52. Kc6 Rd6+ 53. Kxd6 Nb5+ 54. Ke6 Nxa7 55. Rg8+ 1-0

[Event "55th Rubinstein Memorial-A 2019"]
[Site "Polanica-Zdroj"]
[Date "2019.08.24"]
[Round "8.27"]
[White "Kopica, Paulina"]
[Black "Galant, Ireneusz"]
[Result "0-1"]
[ECO "B32"]
[WhiteElo "1932"]
[BlackElo "1774"]
[Annotator "NA"]
[PlyCount "76"]
[EventDate "2019.08.17"]
[EventType "swiss"]
[EventCountry "POL"]
[SourceTitle "playchess.com"]
[Source "ChessBase"]
[SourceQuality "1"]
[TimeControl "40/5400+30:1800+30"]

1. e4 c5 2. Nf3 Nc6 3. d4 cxd4 4. Nxd4 e5 5. Nb5 a6 6. Nd6+ Bxd6 7. Qxd6 Qe7 8. Qd1 Nf6 9. Nc3 d6 10. Be3 Be6 11. Qd2 b5 12. Nd5 Bxd5 13. exd5 Nb8 14. a4 bxa4 15. Bc4 O-O 16. O-O Ne4 17. Qd3 Nf6 18. Rxa4 Qb7 19. b3 Ng4 20. Bd2 f5 21. Qe2 Nf6 22. Bb4 Ne8 23. Rfa1 f4 24. f3 Qb6+ 25. Kf1 Qb7 26. c3 Kh8 27. Qd3 g5 28. h3 Qe7 29. Bxa6 g4 30. Bc8 Rxa4 31. bxa4 gxf3 32. Qxf3 e4 33. Re1 e3 34. c4 Qe5 35. Be6 Nf6 36. Rc1 Qb2 37. Ba3 Qxa3 38. Rb1 Qd3+ 0-1